Minnesota North Stars vs Colorado Rockies
(R1)
Created - Wednesday, September 20, 2023 at 07:40
Goals
|
| Minnesota North Stars |
0 |
1 |
2 |
3 |
| Colorado Rockies |
0 |
1 |
1 |
2 |
|
Shots
|
| Minnesota North Stars |
9 |
11 |
9 |
29 |
| Colorado Rockies |
7 |
10 |
6 |
23 |
|
1st period
No Goal
Penalties :
Adam Lowry (MNS) for Roughing (Minor) at 1:22, Roman Josi (COL) for Interference (Minor) at 6:07, Evgeni Malkin (MNS) for Holding (Minor) at 9:04, Zach Whitecloud (COL) for Tripping (Minor) at 15:24
2nd period
1. Minnesota North Stars , Jeff Skinner 9 (Ryan Nugent-Hopkins 9, Jack Hughes 11) at 16:15
2. Colorado Rockies , Ryan O'Reilly 1 (Jesper Bratt 9, David Pastrnak 13) at 17:15 (PP)
Penalties :
Frank Vatrano (MNS) for Hooking (Minor) at 0:51, Evgeny Kuznetsov (COL) for Hooking (Minor) at 9:43, Rasmus Dahlin (MNS) for Charging (Double Minor) at 16:54
3rd period
3. Minnesota North Stars , Viktor Arvidsson 10 (Jeff Skinner 13, Ryan Nugent-Hopkins 10) at 6:08
4. Minnesota North Stars , Evan Rodrigues 2 (Eeli Tolvanen 4, Jack Hughes 12) at 10:25
5. Colorado Rockies , Jesper Bratt 10 (Nick Schmaltz 6, Dylan Strome 5) at 12:06
Penalties :
Zach Whitecloud (COL) for Holding (Minor) at 0:55, Tim Stutzle (COL) for Hooking (Minor) at 7:22, Shea Theodore (COL) for High sticking (Minor) at 14:54, Brandon Montour (MNS) for Hooking (Minor) at 18:46
Goalie Stats
Antti Raanta (MNS), 21 saves from 23 shots - (0.913), W, 8-6-1, 60:00 minutes
Andrei Vasilevskiy (COL), 26 saves from 29 shots - (0.897), L, 10-7-1, 59:25 minutes
Players Stats for Minnesota North Stars
Player Name G A P +/- PIM S H SB GA TA FO MP PP MP PK MP
------------------------------------------------------------------------------------
Adam Lowry 0 0 0 -1 2 0 0 0 0 0 0/0 7:24 0:00 0:00
Alexander Barabanov 0 0 0 0 0 1 0 0 0 0 1/2 16:49 5:52 0:45
Brandon Montour 0 0 0 1 2 2 1 0 1 0 0/0 25:29 6:01 4:03
Derick Brassard 0 0 0 -1 0 0 0 0 0 0 0/1 7:19 0:00 0:00
Eeli Tolvanen 0 1 1 1 0 1 1 0 0 0 0/0 10:38 0:00 0:00
Evan Rodrigues 1 0 1 1 0 2 0 0 0 0 0/0 11:31 0:00 0:47
Evgeni Malkin 0 0 0 0 2 4 4 0 0 0 12/18 19:39 5:52 3:34
Frank Vatrano 0 0 0 0 2 0 0 0 0 0 1/1 10:09 0:00 0:00
Gustav Forsling 0 0 0 -1 0 0 0 3 0 2 0/0 23:25 5:53 4:47
Jack Hughes 0 2 2 1 0 1 1 0 1 0 4/14 21:08 5:52 4:37
Jamie Oleksiak 0 0 0 -1 0 1 1 0 0 0 0/0 23:25 5:53 4:47
Jeff Skinner 1 1 2 2 0 6 2 0 0 1 1/1 16:21 6:02 0:00
Jonathan Toews 0 0 0 -1 0 2 0 1 0 0 7/9 11:56 0:00 4:37
Justin Holl 0 0 0 2 0 0 0 0 0 0 0/0 12:03 0:00 1:38
Neal Pionk 0 0 0 2 0 0 2 1 0 0 0/0 10:48 0:00 0:23
Rasmus Dahlin 0 0 0 1 4 3 1 0 1 0 0/0 24:51 6:01 3:22
Ryan Nugent-Hopkins 0 2 2 2 0 5 1 0 2 0 8/16 21:09 6:02 4:40
Viktor Arvidsson 1 0 1 2 0 1 0 0 0 0 0/1 16:21 6:02 0:00
Players Stats for Colorado Rockies
Player Name G A P +/- PIM S H SB GA TA FO MP PP MP PK MP
------------------------------------------------------------------------------------
David Pastrnak 0 1 1 -1 0 3 0 0 0 0 1/1 14:51 4:40 0:00
Dylan Strome 0 1 1 1 0 0 1 0 0 0 6/14 8:44 0:00 0:00
Evgeny Kuznetsov 0 0 0 -1 2 1 1 1 0 0 4/9 15:38 0:00 4:41
Jesper Bratt 1 1 2 1 0 4 0 0 0 0 0/1 15:57 4:40 1:31
Kevin Hayes 0 0 0 -2 0 0 0 0 1 0 0/0 7:30 0:00 0:00
Kyle Connor 0 0 0 -1 0 1 0 1 0 0 0/0 15:32 4:50 0:15
Kyle Palmieri 0 0 0 -2 0 0 2 0 0 0 0/0 7:30 0:00 0:00
Martin Fehervary 0 0 0 0 0 0 1 1 0 0 0/0 19:14 0:00 6:43
Nick Bonino 0 0 0 -2 0 2 0 0 1 0 3/5 13:30 0:00 5:49
Nick Schmaltz 0 1 1 1 0 2 1 0 0 0 0/1 11:11 0:00 1:23
Nikita Kucherov 0 0 0 0 0 2 1 0 0 0 1/1 15:23 4:50 0:00
Quinn Hughes 0 0 0 0 0 3 1 0 0 0 0/0 26:17 4:48 6:30
Roman Josi 0 0 0 0 2 1 0 1 0 1 0/0 22:35 4:42 4:38
Ryan O'Reilly 1 0 1 0 0 1 1 0 0 0 14/24 21:26 4:40 5:25
Shea Theodore 0 0 0 -2 2 0 1 0 0 1 0/0 17:03 4:48 0:08
Tim Stutzle 0 0 0 0 2 3 3 1 1 0 0/7 20:38 4:50 4:44
Victor Hedman 0 0 0 0 0 0 0 0 0 3 0/0 24:23 4:42 5:41
Zach Whitecloud 0 0 0 -2 4 0 2 1 0 0 0/0 10:38 0:00 0:08
3 Stars
1 - Jeff Skinner (MNS)
2 - Ryan Nugent-Hopkins (MNS)
3 - Jesper Bratt (COL)
Power Play
Minnesota North Stars - 0 on 6 Attempt(s) - 0.00%
Colorado Rockies - 1 on 6 Attempt(s) - 16.67%
Penalty Kill
Minnesota North Stars - 5 on 6 Attempt(s) - 83.33%
- Score 0 goal in Penalty Kill
Colorado Rockies - 6 on 6 Attempt(s) - 100.00%
- Score 0 goal in Penalty Kill
Team Stat
Minnesota North Stars - Hits : 14 - Faceoff Wins : 34 - Blocked Shots : 5 - Penalty Minutes : 12
Colorado Rockies - Hits : 15 - Faceoff Wins : 29 - Blocked Shots : 6 - Penalty Minutes : 12
Official
Referees : Mark Lemelin and Chris Lee
Linesman : John Grandt and Tony Sericolo
Game Notes
6:44 of 3rd period - Minnesota North Stars goal is going for a video replay. After video review, No Goal. The puck has entered the net after making contact with an attacking player’s stick that is above the height of the crossbar.
Finance
Level 1 -- Attendance: 6000 (100.00%) -- Ticket Income $540,000
Level 2 -- Attendance: 5000 (100.00%) -- Ticket Income $275,000
Level 3 -- Attendance: 2544 (84.80%) -- Ticket Income $89,040
Level 4 -- Attendance: 3799 (75.98%) -- Ticket Income $94,975
Luxury Box -- Attendance: 1000 (100.00%) -- Ticket Income $175,000
Game was played at the Pepsi Center.
Total Attendance: 18343 (91.72%)
Total Ticket Income: $1,174,015
Other Income: $410,905
Total Income: $1,584,920
Minnesota North Stars
5 vs 5 Forward
Center Left Wing Right Wing Time % Phy DF OF
1 Ryan Nugent-Hopkins Jeff Skinner Viktor Arvidsson 30 1 2 2
2 Evgeni Malkin Frank Vatrano Alexander Barabanov 30 1 2 2
3 Jack Hughes Evan Rodrigues Eeli Tolvanen 30 1 2 2
4 Jonathan Toews Derick Brassard Adam Lowry 10 1 2 2
5 vs 5 Defense
Defense Defense Time % Phy DF OF
1 Rasmus Dahlin Brandon Montour 30 1 2 2
2 Jamie Oleksiak Gustav Forsling 30 1 2 2
3 Neal Pionk Justin Holl 25 1 2 2
4 Rasmus Dahlin Brandon Montour 15 1 2 2
PowerPlay Forward
Center Left Wing Right Wing Time % Phy DF OF
1 Ryan Nugent-Hopkins Jeff Skinner Viktor Arvidsson 50 1 2 2
2 Evgeni Malkin Jack Hughes Alexander Barabanov 50 1 2 2
PowerPlay Defense
Defense Defense Time % Phy DF OF
1 Rasmus Dahlin Brandon Montour 50 1 2 2
2 Jamie Oleksiak Gustav Forsling 50 1 2 2
Penalty Kill 4 Players Forward
Center Wing Time % Phy DF OF
1 Ryan Nugent-Hopkins Evgeni Malkin 50 1 2 2
2 Jonathan Toews Jack Hughes 50 1 2 2
Penalty Kill 4 Players Defense
Defense Defense Time % Phy DF OF
1 Rasmus Dahlin Brandon Montour 50 1 2 2
2 Jamie Oleksiak Gustav Forsling 50 1 2 2
Penalty Kill - 3 Players Forward
Forward Time % Phy DF OF
1 Ryan Nugent-Hopkins 50 1 2 2
2 Evgeni Malkin 50 1 2 2
Penalty Kill - 3 Players Defense
Defense Defense Time % Phy DF OF
1 Rasmus Dahlin Brandon Montour 50 1 2 2
2 Jamie Oleksiak Gustav Forsling 50 1 2 2
4 vs 4 Forward
Center Wing Time % Phy DF OF
1 Ryan Nugent-Hopkins Evgeni Malkin 50 1 2 2
2 Jack Hughes Jeff Skinner 50 1 2 2
4 vs 4 Defense
Defense Defense Time % Phy DF OF
1 Rasmus Dahlin Brandon Montour 50 1 2 2
2 Jamie Oleksiak Gustav Forsling 50 1 2 2
Last Minutes Offensive
Center Left Wing Right Wing Defense Defense
Ryan Nugent-Hopkins Jeff Skinner Viktor Arvidsson Rasmus Dahlin Brandon Montour
Last Minutes Defensive
Center Left Wing Right Wing Defense Defense
Ryan Nugent-Hopkins Jeff Skinner Viktor Arvidsson Rasmus Dahlin Brandon Montour
Goaltenders
Starting : Antti Raanta
Backup : Stuart Skinner
Extra Forwards
Normal : Adam Lowry, Jonathan Toews, Evan Rodrigues - PP : Adam Lowry, Jonathan Toews - PK : Evan Rodrigues
Extra Defensemen
Normal : Neal Pionk, Justin Holl, Jamie Oleksiak - PP : Neal Pionk - PK : Justin Holl, Jamie Oleksiak
Penalty Shots
Ryan Nugent-Hopkins, Evgeni Malkin, Jeff Skinner, Jack Hughes, Jonathan Toews
Colorado Rockies
5 vs 5 Forward
Center Left Wing Right Wing Time % Phy DF OF
1 Ryan O'Reilly Tim Stutzle Nikita Kucherov 33 1 2 2
2 Evgeny Kuznetsov Kyle Connor David Pastrnak 30 1 2 2
3 Dylan Strome Jesper Bratt Nick Schmaltz 25 1 2 2
4 Nick Bonino Kevin Hayes Kyle Palmieri 12 1 2 2
5 vs 5 Defense
Defense Defense Time % Phy DF OF
1 Victor Hedman Quinn Hughes 35 1 2 2
2 Roman Josi Martin Fehervary 33 1 2 2
3 Shea Theodore Zach Whitecloud 27 1 2 2
4 Victor Hedman Roman Josi 5 1 2 2
PowerPlay Forward
Center Left Wing Right Wing Time % Phy DF OF
1 Tim Stutzle Kyle Connor Nikita Kucherov 50 1 2 2
2 Ryan O'Reilly Jesper Bratt David Pastrnak 50 1 2 2
PowerPlay Defense
Defense Defense Time % Phy DF OF
1 Victor Hedman Roman Josi 50 1 2 2
2 Quinn Hughes Shea Theodore 50 1 2 2
Penalty Kill 4 Players Forward
Center Wing Time % Phy DF OF
1 Ryan O'Reilly Nick Bonino 50 1 2 2
2 Evgeny Kuznetsov Tim Stutzle 50 1 2 2
Penalty Kill 4 Players Defense
Defense Defense Time % Phy DF OF
1 Victor Hedman Roman Josi 50 1 2 2
2 Quinn Hughes Martin Fehervary 50 1 2 2
Penalty Kill - 3 Players Forward
Forward Time % Phy DF OF
1 Ryan O'Reilly 50 1 2 2
2 Nick Bonino 50 1 2 2
Penalty Kill - 3 Players Defense
Defense Defense Time % Phy DF OF
1 Victor Hedman Roman Josi 50 1 2 2
2 Quinn Hughes Shea Theodore 50 1 2 2
4 vs 4 Forward
Center Wing Time % Phy DF OF
1 Tim Stutzle Nikita Kucherov 50 1 2 2
2 Ryan O'Reilly David Pastrnak 50 1 2 2
4 vs 4 Defense
Defense Defense Time % Phy DF OF
1 Victor Hedman Roman Josi 50 1 2 2
2 Quinn Hughes Martin Fehervary 50 1 2 2
Last Minutes Offensive
Center Left Wing Right Wing Defense Defense
Tim Stutzle Kyle Connor Nikita Kucherov Victor Hedman Roman Josi
Last Minutes Defensive
Center Left Wing Right Wing Defense Defense
Tim Stutzle Kyle Connor Nikita Kucherov Victor Hedman Roman Josi
Goaltenders
Starting : Andrei Vasilevskiy
Backup : Ilya Samsonov
Extra Forwards
Normal : Nick Bonino, Ryan O'Reilly, Evgeny Kuznetsov - PP : Nick Bonino, Ryan O'Reilly - PK : Evgeny Kuznetsov
Extra Defensemen
Normal : Shea Theodore, Martin Fehervary, Quinn Hughes - PP : Shea Theodore - PK : Martin Fehervary, Quinn Hughes
Penalty Shots
Tim Stutzle, Nikita Kucherov, David Pastrnak, Kyle Connor, Jesper Bratt
% Time on Ice - Minnesota North Stars
Lines # - Real PCT - Wanted PCT - Time Play
Normal Forward
1 - 27% - 30% - 10:27
2 - 26% - 30% - 10:12
3 - 28% - 30% - 10:38
4 - 19% - 10% - 7:19
Normal Defense
1 - 32% - 30% - 12:14
2 - 33% - 30% - 12:45
3 - 27% - 25% - 10:25
4 - 8% - 15% - 3:12
PP Forward
1 - 51% - 50% - 6:02
2 - 49% - 50% - 5:52
PP Defense
1 - 51% - 50% - 6:01
2 - 49% - 50% - 5:53
PK Forward
1 - 51% - 50% - 4:50
2 - 49% - 50% - 4:40
PK Defense
1 - 50% - 50% - 4:43
2 - 50% - 50% - 4:47
PK3 Forward
1 - 0% - 50%
2 - 0% - 50%
PK3 Defense
1 - 0% - 50%
2 - 0% - 50%
44 Forward
1 - 0% - 50%
2 - 0% - 50%
44 Defense
1 - 0% - 50%
2 - 0% - 50%
Last Minute Offensive - 0:00
Last Minute Defensive - 0:00
Total
Forward - 60:00
Defense - 60:00
|
% Time on Ice - Colorado Rockies
Lines # - Real PCT - Wanted PCT - Time Play
Normal Forward
1 - 30% - 33% - 11:37
2 - 28% - 30% - 10:45
3 - 23% - 25% - 8:44
4 - 19% - 12% - 7:30
Normal Defense
1 - 34% - 35% - 13:05
2 - 34% - 33% - 13:16
3 - 27% - 27% - 10:21
4 - 5% - 5% - 1:54
PP Forward
1 - 51% - 50% - 4:50
2 - 49% - 50% - 4:40
PP Defense
1 - 49% - 50% - 4:42
2 - 51% - 50% - 4:48
PK Forward
1 - 46% - 50% - 5:25
2 - 54% - 50% - 6:29
PK Defense
1 - 49% - 50% - 5:49
2 - 51% - 50% - 6:05
PK3 Forward
1 - 0% - 50%
2 - 0% - 50%
PK3 Defense
1 - 0% - 50%
2 - 0% - 50%
44 Forward
1 - 0% - 50%
2 - 0% - 50%
44 Defense
1 - 0% - 50%
2 - 0% - 50%
Last Minute Offensive - 0:00
Last Minute Defensive - 0:00
Total
Forward - 60:00
Defense - 60:00
|
Play-by-Play
1st period
0:01 of 1st period - Ryan Nugent-Hopkins wins face-off versus Ryan O'Reilly in neutral zone.
0:04 of 1st period - Wrist shot by Viktor Arvidsson.
0:04 of 1st period - Shot Misses the Net.
0:18 of 1st period - Rasmus Dahlin is hit by Quinn Hughes and loses puck.
0:35 of 1st period - Snap shot by Evgeni Malkin.
0:35 of 1st period - Shot Misses the Net.
0:40 of 1st period - Off-side.
0:41 of 1st period - Jack Hughes wins face-off versus Dylan Strome in neutral zone.
1:22 of 1st period - Minor Penalty to Adam Lowry for Roughing.
1:23 of 1st period - Ryan Nugent-Hopkins wins face-off versus Tim Stutzle in Minnesota North Stars zone.
3:22 of 1st period - Penalty to Adam Lowry is over, Adam Lowry is back on ice.
4:03 of 1st period - Slapshot by Jonathan Toews.
4:03 of 1st period - Stopped by Andrei Vasilevskiy with a rebound.
4:15 of 1st period - Nick Bonino is hit by Brandon Montour and loses puck.
4:25 of 1st period - Icing by Rasmus Dahlin.
4:26 of 1st period - Ryan Nugent-Hopkins wins face-off versus Dylan Strome in Minnesota North Stars zone.
4:35 of 1st period - Slapshot by Jeff Skinner.
4:35 of 1st period - Deflect By Ryan Nugent-Hopkins.
4:35 of 1st period - Stopped by Andrei Vasilevskiy with a rebound.
4:37 of 1st period - Slapshot by Brandon Montour.
4:37 of 1st period - Stopped by Andrei Vasilevskiy without a rebound.
4:38 of 1st period - Ryan O'Reilly wins face-off versus Jack Hughes in Colorado Rockies zone.
5:05 of 1st period - Brandon Montour is hit by Zach Whitecloud and loses puck.
5:55 of 1st period - Viktor Arvidsson is hit by Ryan O'Reilly.
5:59 of 1st period - Snap shot by Jeff Skinner.
5:59 of 1st period - Stopped by Andrei Vasilevskiy with a rebound.
6:07 of 1st period - Minor Penalty to Roman Josi for Interference.
6:08 of 1st period - Ryan Nugent-Hopkins wins face-off versus Ryan O'Reilly in Colorado Rockies zone.
6:37 of 1st period - Gustav Forsling is hit by Tim Stutzle and loses puck.
8:02 of 1st period - Icing by Jamie Oleksiak.
8:03 of 1st period - Evgeni Malkin wins face-off versus Jesper Bratt in Minnesota North Stars zone.
8:07 of 1st period - Penalty to Roman Josi is over, Roman Josi is back on ice.
8:32 of 1st period - Icing by Gustav Forsling.
8:33 of 1st period - Dylan Strome wins face-off versus Jack Hughes in Minnesota North Stars zone.
8:40 of 1st period - Snap shot by Eeli Tolvanen.
8:40 of 1st period - Stopped by Andrei Vasilevskiy without a rebound.
8:41 of 1st period - Evgeni Malkin wins face-off versus Ryan O'Reilly in Colorado Rockies zone.
9:04 of 1st period - Minor Penalty to Evgeni Malkin for Holding.
9:05 of 1st period - Ryan O'Reilly wins face-off versus Ryan Nugent-Hopkins in Minnesota North Stars zone.
9:20 of 1st period - Slapshot by Jesper Bratt.
9:20 of 1st period - Shot Misses the Net.
11:04 of 1st period - Penalty to Evgeni Malkin is over, Evgeni Malkin is back on ice.
11:09 of 1st period - Tim Stutzle is hit by Neal Pionk and loses puck.
11:46 of 1st period - Snap shot by Nick Schmaltz.
11:46 of 1st period - Stopped by Antti Raanta with a rebound.
12:04 of 1st period - Wrist shot by Ryan Nugent-Hopkins.
12:04 of 1st period - Stopped by Andrei Vasilevskiy without a rebound.
12:05 of 1st period - Dylan Strome wins face-off versus Ryan Nugent-Hopkins in Colorado Rockies zone.
12:12 of 1st period - Snap shot by Jeff Skinner.
12:12 of 1st period - Stopped by Andrei Vasilevskiy without a rebound.
12:13 of 1st period - Evgeni Malkin wins face-off versus Evgeny Kuznetsov in Colorado Rockies zone.
12:18 of 1st period - Snap shot by Evgeni Malkin.
12:18 of 1st period - Shot Blocked by Kyle Connor.
13:11 of 1st period - Wrist shot by Jeff Skinner.
13:11 of 1st period - Shot Misses the Net.
13:33 of 1st period - Snap shot by Nick Bonino.
13:33 of 1st period - Shot Misses the Net.
13:35 of 1st period - Slapshot by Roman Josi.
13:35 of 1st period - Stopped by Antti Raanta with a rebound.
13:49 of 1st period - Slapshot by Evgeny Kuznetsov.
13:49 of 1st period - Stopped by Antti Raanta with a rebound.
13:51 of 1st period - Wrist shot by Kyle Connor.
13:51 of 1st period - Stopped by Antti Raanta without a rebound.
13:52 of 1st period - Ryan Nugent-Hopkins wins face-off versus Ryan O'Reilly in Minnesota North Stars zone.
13:52 of 1st period - Ryan Nugent-Hopkins is hit by Nikita Kucherov.
14:18 of 1st period - Evan Rodrigues is hit by Evgeny Kuznetsov and loses puck.
14:23 of 1st period - Wrist shot by David Pastrnak.
14:23 of 1st period - Shot Blocked by Neal Pionk.
15:24 of 1st period - Minor Penalty to Zach Whitecloud for Tripping.
15:25 of 1st period - Evgeni Malkin wins face-off versus Ryan O'Reilly in Colorado Rockies zone.
15:57 of 1st period - Slapshot by Nick Bonino.
15:57 of 1st period - Stopped by Antti Raanta with a rebound.
16:06 of 1st period - Icing by Rasmus Dahlin.
16:07 of 1st period - Ryan O'Reilly wins face-off versus Ryan Nugent-Hopkins in Minnesota North Stars zone.
17:24 of 1st period - Penalty to Zach Whitecloud is over, Zach Whitecloud is back on ice.
17:37 of 1st period - Snap shot by Jesper Bratt.
17:37 of 1st period - Stopped by Antti Raanta without a rebound.
17:38 of 1st period - Jack Hughes wins face-off versus Dylan Strome in Minnesota North Stars zone.
17:46 of 1st period - Icing by Justin Holl.
17:47 of 1st period - Ryan O'Reilly wins face-off versus Jack Hughes in Minnesota North Stars zone.
17:50 of 1st period - Snap shot by Tim Stutzle.
17:50 of 1st period - Shot Misses the Net.
18:04 of 1st period - Ryan O'Reilly is hit by Eeli Tolvanen and loses puck.
18:11 of 1st period - Snap shot by Evan Rodrigues.
18:11 of 1st period - Stopped by Andrei Vasilevskiy without a rebound.
18:12 of 1st period - Jeff Skinner wins face-off versus Evgeny Kuznetsov in Colorado Rockies zone.
18:17 of 1st period - Wrist shot by Jeff Skinner.
18:17 of 1st period - Stopped by Andrei Vasilevskiy with a rebound.
18:27 of 1st period - Slapshot by David Pastrnak.
18:27 of 1st period - Stopped by Antti Raanta without a rebound.
18:28 of 1st period - Ryan O'Reilly wins face-off versus Evgeni Malkin in Minnesota North Stars zone.
19:23 of 1st period - Snap shot by Jack Hughes.
19:23 of 1st period - Shot Misses the Net.
19:45 of 1st period - Snap shot by Kyle Palmieri.
19:45 of 1st period - Shot Misses the Net.
19:47 of 1st period - Snap shot by Kevin Hayes.
19:47 of 1st period - Shot Misses the Net.
19:54 of 1st period - Icing by Gustav Forsling.
19:55 of 1st period - Jonathan Toews wins face-off versus Ryan O'Reilly in Minnesota North Stars zone.
19:55 of 1st period - Jonathan Toews is hit by Tim Stutzle.
Goals for this period are 0 for Minnesota North Stars vs 0 for Colorado Rockies.
Shots for this period are 9 for Minnesota North Stars vs 7 for Colorado Rockies.
2nd period
0:01 of 2nd period - Evgeny Kuznetsov wins face-off versus Ryan Nugent-Hopkins in neutral zone.
0:23 of 2nd period - Icing by Rasmus Dahlin.
0:24 of 2nd period - Ryan O'Reilly wins face-off versus Ryan Nugent-Hopkins in Minnesota North Stars zone.
0:25 of 2nd period - Wrist shot by Nikita Kucherov.
0:25 of 2nd period - Shot Misses the Net.
0:35 of 2nd period - Wrist shot by Jeff Skinner.
0:35 of 2nd period - Deflect By Ryan Nugent-Hopkins.
0:35 of 2nd period - Stopped by Andrei Vasilevskiy with a rebound.
0:39 of 2nd period - Snap shot by Ryan Nugent-Hopkins.
0:39 of 2nd period - Shot Misses the Net.
0:41 of 2nd period - Slapshot by Rasmus Dahlin.
0:41 of 2nd period - Stopped by Andrei Vasilevskiy without a rebound.
0:42 of 2nd period - Evgeny Kuznetsov wins face-off versus Evgeni Malkin in Colorado Rockies zone.
0:42 of 2nd period - Evgeny Kuznetsov is hit by Evgeni Malkin.
0:48 of 2nd period - Snap shot by David Pastrnak.
0:48 of 2nd period - Stopped by Antti Raanta without a rebound.
0:49 of 2nd period - Evgeni Malkin wins face-off versus Evgeny Kuznetsov in Minnesota North Stars zone.
0:51 of 2nd period - Minor Penalty to Frank Vatrano for Hooking.
0:52 of 2nd period - Jonathan Toews wins face-off versus Tim Stutzle in Minnesota North Stars zone.
1:18 of 2nd period - Kyle Connor is hit by Rasmus Dahlin and loses puck.
1:27 of 2nd period - Wrist shot by Evgeni Malkin.
1:27 of 2nd period - Stopped by Andrei Vasilevskiy without a rebound.
1:28 of 2nd period - Jonathan Toews wins face-off versus Ryan O'Reilly in Colorado Rockies zone.
1:39 of 2nd period - Slapshot by Jesper Bratt.
1:39 of 2nd period - Shot Misses the Net.
2:37 of 2nd period - Nikita Kucherov is hit by Ryan Nugent-Hopkins.
2:51 of 2nd period - Penalty to Frank Vatrano is over, Frank Vatrano is back on ice.
3:03 of 2nd period - Jack Hughes is hit by Kyle Palmieri and loses puck.
3:10 of 2nd period - Rasmus Dahlin is hit by Kyle Palmieri.
3:30 of 2nd period - Snap shot by Nick Bonino.
3:30 of 2nd period - Stopped by Antti Raanta with a rebound.
3:39 of 2nd period - Off-side.
3:40 of 2nd period - Jonathan Toews wins face-off versus Dylan Strome in neutral zone.
4:48 of 2nd period - Wrist shot by Tim Stutzle.
4:48 of 2nd period - Stopped by Antti Raanta with a rebound.
5:23 of 2nd period - Snap shot by Viktor Arvidsson.
5:23 of 2nd period - Shot Misses the Net.
6:05 of 2nd period - Wrist shot by Nikita Kucherov.
6:05 of 2nd period - Stopped by Antti Raanta with a rebound.
6:23 of 2nd period - Snap shot by Dylan Strome.
6:23 of 2nd period - Deflect By Jesper Bratt.
6:23 of 2nd period - Stopped by Antti Raanta without a rebound.
6:24 of 2nd period - Evgeni Malkin wins face-off versus Dylan Strome in Minnesota North Stars zone.
6:29 of 2nd period - Jamie Oleksiak is hit by Dylan Strome and loses puck.
6:36 of 2nd period - Wrist shot by Nick Schmaltz.
6:36 of 2nd period - Shot Blocked by Gustav Forsling.
7:00 of 2nd period - Wrist shot by Jeff Skinner.
7:00 of 2nd period - Stopped by Andrei Vasilevskiy with a rebound.
7:02 of 2nd period - Snap shot by Ryan Nugent-Hopkins.
7:02 of 2nd period - Shot Misses the Net.
7:28 of 2nd period - Wrist shot by Tim Stutzle.
7:28 of 2nd period - Stopped by Antti Raanta without a rebound.
7:29 of 2nd period - Dylan Strome wins face-off versus Jonathan Toews in Minnesota North Stars zone.
7:45 of 2nd period - Slapshot by Brandon Montour.
7:45 of 2nd period - Stopped by Andrei Vasilevskiy with a rebound.
9:35 of 2nd period - Wrist shot by David Pastrnak.
9:35 of 2nd period - Stopped by Antti Raanta with a rebound.
9:43 of 2nd period - Minor Penalty to Evgeny Kuznetsov for Hooking.
9:44 of 2nd period - Evgeni Malkin wins face-off versus Nick Schmaltz in Colorado Rockies zone.
11:22 of 2nd period - Icing by Rasmus Dahlin.
11:23 of 2nd period - Evgeni Malkin wins face-off versus Nick Bonino in Minnesota North Stars zone.
11:40 of 2nd period - Jeff Skinner is hit by Nick Schmaltz.
11:43 of 2nd period - Penalty to Evgeny Kuznetsov is over, Evgeny Kuznetsov is back on ice.
12:04 of 2nd period - Slapshot by David Pastrnak.
12:04 of 2nd period - Shot Misses the Net.
12:28 of 2nd period - Slapshot by Jeff Skinner.
12:28 of 2nd period - Deflect By Jesper Bratt.
12:28 of 2nd period - Shot Hit the Post.
12:28 of 2nd period - Puck is out of play.
12:29 of 2nd period - Dylan Strome wins face-off versus Ryan Nugent-Hopkins in Colorado Rockies zone.
13:13 of 2nd period - Slapshot by Evan Rodrigues.
13:13 of 2nd period - Deflect By Jack Hughes.
13:13 of 2nd period - Shot Hit the Post.
13:13 of 2nd period - Puck is out of play.
13:14 of 2nd period - Ryan O'Reilly wins face-off versus Jack Hughes in Colorado Rockies zone.
13:19 of 2nd period - Evan Rodrigues is hit by Tim Stutzle and loses puck.
13:48 of 2nd period - Gustav Forsling is hit by Zach Whitecloud and loses puck.
14:23 of 2nd period - Snap shot by Kyle Palmieri.
14:23 of 2nd period - Deflect By Nick Bonino.
14:23 of 2nd period - Shot Misses the Net.
14:23 of 2nd period - Puck is out of play.
14:24 of 2nd period - Nick Bonino wins face-off versus Evgeni Malkin in Minnesota North Stars zone.
14:25 of 2nd period - Wrist shot by Kyle Palmieri.
14:25 of 2nd period - Deflect By Evgeni Malkin.
14:25 of 2nd period - Shot Misses the Net.
14:25 of 2nd period - Puck is out of play.
14:26 of 2nd period - Frank Vatrano wins face-off versus Ryan O'Reilly in Minnesota North Stars zone.
14:37 of 2nd period - Slapshot by Evgeni Malkin.
14:37 of 2nd period - Stopped by Andrei Vasilevskiy with a rebound.
14:39 of 2nd period - Snap shot by Evgeni Malkin.
14:39 of 2nd period - Shot Blocked by Tim Stutzle.
14:41 of 2nd period - Slapshot by Rasmus Dahlin.
14:41 of 2nd period - Stopped by Andrei Vasilevskiy with a rebound.
15:18 of 2nd period - Slapshot by Quinn Hughes.
15:18 of 2nd period - Stopped by Antti Raanta without a rebound.
15:19 of 2nd period - Nick Bonino wins face-off versus Evgeni Malkin in Minnesota North Stars zone.
15:34 of 2nd period - Victor Hedman is hit by Neal Pionk.
16:15 of 2nd period - Wrist shot by Jeff Skinner.
16:15 of 2nd period - Goal by Jeff Skinner - Minnesota North Stars : 1 - Colorado Rockies : 0.
16:16 of 2nd period - Ryan O'Reilly wins face-off versus Evgeni Malkin in neutral zone.
16:54 of 2nd period - Double Minor Penalty to Rasmus Dahlin for Charging.
16:55 of 2nd period - David Pastrnak wins face-off versus Jonathan Toews in Minnesota North Stars zone.
16:59 of 2nd period - Wrist shot by Jesper Bratt.
16:59 of 2nd period - Shot Blocked by Gustav Forsling.
17:01 of 2nd period - Snap shot by Quinn Hughes.
17:01 of 2nd period - Deflect By David Pastrnak.
17:01 of 2nd period - Shot Blocked by Gustav Forsling.
17:01 of 2nd period - Puck is out of play.
17:02 of 2nd period - Jack Hughes wins face-off versus Ryan O'Reilly in Minnesota North Stars zone.
17:11 of 2nd period - Snap shot by Jesper Bratt.
17:11 of 2nd period - Stopped by Antti Raanta with a rebound.
17:15 of 2nd period - Slapshot by Ryan O'Reilly.
17:15 of 2nd period - Goal by Ryan O'Reilly - Minnesota North Stars : 1 - Colorado Rockies : 1.
17:16 of 2nd period - Evgeni Malkin wins face-off versus Tim Stutzle in neutral zone.
17:22 of 2nd period - Icing by Roman Josi.
17:23 of 2nd period - Evgeni Malkin wins face-off versus Tim Stutzle in Colorado Rockies zone.
17:30 of 2nd period - Wrist shot by Ryan Nugent-Hopkins.
17:30 of 2nd period - Shot Misses the Net.
17:32 of 2nd period - Snap shot by Evgeni Malkin.
17:32 of 2nd period - Stopped by Andrei Vasilevskiy with a rebound.
17:34 of 2nd period - Slapshot by Ryan Nugent-Hopkins.
17:34 of 2nd period - Stopped by Andrei Vasilevskiy without a rebound.
17:35 of 2nd period - Jonathan Toews wins face-off versus Ryan O'Reilly in Colorado Rockies zone.
19:15 of 2nd period - Penalty to Rasmus Dahlin is over, Rasmus Dahlin is back on ice.
19:55 of 2nd period - Slapshot by Evgeni Malkin.
19:55 of 2nd period - Stopped by Andrei Vasilevskiy with a rebound.
Goals for this period are 1 for Minnesota North Stars vs 1 for Colorado Rockies.
Shots for this period are 11 for Minnesota North Stars vs 10 for Colorado Rockies.
3rd period
0:01 of 3rd period - Jack Hughes wins face-off versus Tim Stutzle in neutral zone.
0:55 of 3rd period - Minor Penalty to Zach Whitecloud for Holding.
0:56 of 3rd period - Ryan O'Reilly wins face-off versus Alexander Barabanov in Colorado Rockies zone.
1:14 of 3rd period - Quinn Hughes is hit by Evgeni Malkin and loses puck.
2:55 of 3rd period - Penalty to Zach Whitecloud is over, Zach Whitecloud is back on ice.
3:17 of 3rd period - Slapshot by Nick Schmaltz.
3:17 of 3rd period - Shot Blocked by Jonathan Toews.
3:55 of 3rd period - Wrist shot by Jamie Oleksiak.
3:55 of 3rd period - Deflect By Jesper Bratt.
3:55 of 3rd period - Stopped by Andrei Vasilevskiy without a rebound.
3:56 of 3rd period - Evgeny Kuznetsov wins face-off versus Jack Hughes in Colorado Rockies zone.
5:08 of 3rd period - Snap shot by Evan Rodrigues.
5:08 of 3rd period - Shot Misses the Net.
5:10 of 3rd period - Slapshot by Jack Hughes.
5:10 of 3rd period - Shot Misses the Net.
5:12 of 3rd period - Snap shot by Jack Hughes.
5:12 of 3rd period - Shot Blocked by Martin Fehervary.
5:29 of 3rd period - Slapshot by Quinn Hughes.
5:29 of 3rd period - Stopped by Antti Raanta without a rebound.
5:30 of 3rd period - Dylan Strome wins face-off versus Ryan Nugent-Hopkins in Minnesota North Stars zone.
5:43 of 3rd period - Victor Hedman is hit by Jeff Skinner and loses puck.
6:08 of 3rd period - Snap shot by Viktor Arvidsson.
6:08 of 3rd period - Goal by Viktor Arvidsson - Minnesota North Stars : 2 - Colorado Rockies : 1.
6:09 of 3rd period - Ryan O'Reilly wins face-off versus Jack Hughes in neutral zone.
6:42 of 3rd period - Wrist shot by Evgeni Malkin.
6:42 of 3rd period - Shot Blocked by Evgeny Kuznetsov.
6:44 of 3rd period - Wrist shot by Alexander Barabanov.
6:44 of 3rd period - Minnesota North Stars goal is going for a video replay.
6:44 of 3rd period - The goal is refused. The puck has entered the net after making contact with an attacking player’s stick that is above the height of the crossbar..
6:45 of 3rd period - Ryan Nugent-Hopkins wins face-off versus Dylan Strome in Colorado Rockies zone.
6:46 of 3rd period - Wrist shot by Jeff Skinner.
6:46 of 3rd period - Stopped by Andrei Vasilevskiy without a rebound.
6:47 of 3rd period - Ryan Nugent-Hopkins wins face-off versus Dylan Strome in Colorado Rockies zone.
7:00 of 3rd period - Snap shot by Jeff Skinner.
7:00 of 3rd period - Deflect By Ryan Nugent-Hopkins.
7:00 of 3rd period - Shot Blocked by Roman Josi.
7:00 of 3rd period - Puck is out of play.
7:01 of 3rd period - Alexander Barabanov wins face-off versus Tim Stutzle in Colorado Rockies zone.
7:22 of 3rd period - Minor Penalty to Tim Stutzle for Hooking.
7:23 of 3rd period - Ryan O'Reilly wins face-off versus Jack Hughes in Colorado Rockies zone.
7:23 of 3rd period - Ryan O'Reilly is hit by Jack Hughes.
9:22 of 3rd period - Penalty to Tim Stutzle is over, Tim Stutzle is back on ice.
9:30 of 3rd period - Snap shot by Tim Stutzle.
9:30 of 3rd period - Stopped by Antti Raanta with a rebound.
9:38 of 3rd period - Evgeny Kuznetsov is hit by Jamie Oleksiak and loses puck.
10:04 of 3rd period - Icing by Justin Holl.
10:05 of 3rd period - Evgeni Malkin wins face-off versus Nick Bonino in Minnesota North Stars zone.
10:10 of 3rd period - Shea Theodore is hit by Evgeni Malkin and loses puck.
10:23 of 3rd period - Wrist shot by Eeli Tolvanen.
10:23 of 3rd period - Shot Blocked by Zach Whitecloud.
10:25 of 3rd period - Slapshot by Evan Rodrigues.
10:25 of 3rd period - Goal by Evan Rodrigues - Minnesota North Stars : 3 - Colorado Rockies : 1.
10:26 of 3rd period - Nikita Kucherov wins face-off versus Jack Hughes in neutral zone.
10:33 of 3rd period - Snap shot by Tim Stutzle.
10:33 of 3rd period - Shot Misses the Net.
10:37 of 3rd period - Wrist shot by Tim Stutzle.
10:37 of 3rd period - Shot Misses the Net.
11:07 of 3rd period - Snap shot by Evan Rodrigues.
11:07 of 3rd period - Shot Misses the Net.
11:09 of 3rd period - Snap shot by Jack Hughes.
11:09 of 3rd period - Stopped by Andrei Vasilevskiy without a rebound.
11:10 of 3rd period - Ryan O'Reilly wins face-off versus Ryan Nugent-Hopkins in Colorado Rockies zone.
12:04 of 3rd period - Snap shot by Nick Schmaltz.
12:04 of 3rd period - Stopped by Antti Raanta with a rebound.
12:06 of 3rd period - Wrist shot by Jesper Bratt.
12:06 of 3rd period - Goal by Jesper Bratt - Minnesota North Stars : 3 - Colorado Rockies : 2.
12:07 of 3rd period - Ryan O'Reilly wins face-off versus Viktor Arvidsson in neutral zone.
12:10 of 3rd period - Snap shot by Nikita Kucherov.
12:10 of 3rd period - Stopped by Antti Raanta with a rebound.
12:12 of 3rd period - Snap shot by Tim Stutzle.
12:12 of 3rd period - Shot Misses the Net.
12:22 of 3rd period - Snap shot by Nikita Kucherov.
12:22 of 3rd period - Shot Misses the Net.
12:41 of 3rd period - Snap shot by Roman Josi.
12:41 of 3rd period - Deflect By Kyle Connor.
12:41 of 3rd period - Shot Misses the Net.
12:41 of 3rd period - Puck is out of play.
12:42 of 3rd period - Evgeny Kuznetsov wins face-off versus Jack Hughes in Minnesota North Stars zone.
12:51 of 3rd period - Jack Hughes is hit by Martin Fehervary and loses puck.
13:32 of 3rd period - Martin Fehervary is hit by Evgeni Malkin and loses puck.
13:37 of 3rd period - Snap shot by Evgeni Malkin.
13:37 of 3rd period - Shot Misses the Net.
14:17 of 3rd period - Snap shot by Jonathan Toews.
14:17 of 3rd period - Stopped by Andrei Vasilevskiy without a rebound.
14:18 of 3rd period - Nick Bonino wins face-off versus Derick Brassard in Colorado Rockies zone.
14:54 of 3rd period - Minor Penalty to Shea Theodore for High sticking.
14:55 of 3rd period - Evgeni Malkin wins face-off versus Evgeny Kuznetsov in Colorado Rockies zone.
15:25 of 3rd period - Slapshot by Rasmus Dahlin.
15:25 of 3rd period - Stopped by Andrei Vasilevskiy without a rebound.
15:26 of 3rd period - Ryan Nugent-Hopkins wins face-off versus Evgeny Kuznetsov in Colorado Rockies zone.
15:43 of 3rd period - Snap shot by Ryan Nugent-Hopkins.
15:43 of 3rd period - Stopped by Andrei Vasilevskiy without a rebound.
15:44 of 3rd period - Ryan O'Reilly wins face-off versus Evgeni Malkin in Colorado Rockies zone.
16:11 of 3rd period - Quinn Hughes is hit by Jeff Skinner and loses puck.
16:54 of 3rd period - Penalty to Shea Theodore is over, Shea Theodore is back on ice.
16:56 of 3rd period - Icing by Jeff Skinner.
16:57 of 3rd period - Jonathan Toews wins face-off versus Dylan Strome in Minnesota North Stars zone.
16:57 of 3rd period - Jonathan Toews is hit by Shea Theodore.
17:05 of 3rd period - Slapshot by Jonathan Toews.
17:05 of 3rd period - Shot Misses the Net.
17:49 of 3rd period - Slapshot by Quinn Hughes.
17:49 of 3rd period - Shot Misses the Net.
17:51 of 3rd period - Slapshot by Quinn Hughes.
17:51 of 3rd period - Deflect By Ryan Nugent-Hopkins.
17:51 of 3rd period - Stopped by Antti Raanta without a rebound.
17:52 of 3rd period - Dylan Strome wins face-off versus Jack Hughes in Minnesota North Stars zone.
18:46 of 3rd period - Minor Penalty to Brandon Montour for Hooking.
18:47 of 3rd period - Jonathan Toews wins face-off versus Tim Stutzle in Minnesota North Stars zone.
19:25 of 3rd period - Colorado Rockies, Andrei Vasilevskiy is pulled from the net.
Goals for this period are 2 for Minnesota North Stars vs 1 for Colorado Rockies.
Shots for this period are 9 for Minnesota North Stars vs 6 for Colorado Rockies.
Back to the Top